 Dungeon Crawl Stone Soup version 0.28-a0-906-g0406aca7d3 (webtiles) character file.

Game seed: 11970465289871550052

280 bande the Covered (level 6, -5/38 HPs)
             Began as a Gargoyle Fighter on Nov 24, 2021.
             Slain by an ogre (7 damage)
             ... on level 5 of the Dungeon.
             The game lasted 00:05:17 (3655 turns).

bande the Covered (Gargoyle Fighter)                Turns: 3655, Time: 00:05:17

Health: -5/38      AC: 13    Str: 26    XL:     6   Next: 27%
Magic:  6/6        EV: 14    Int:  9    God:
Gold:   127        SH:  4    Dex: 10    Spells: 5/5 levels left

rFire   . . .      SeeInvis .   a - +0 war axe
rCold   . . .      Faith    .   c - +0 buckler
rNeg    + . .      Spirit   .   b - +0 scale mail
rPois   ∞          Reflect  .   (no helmet)
rElec   +          Harm     .   i - +1 cloak
rCorr   .          Rampage  .   (no gloves)
Will    .....                   (no boots)
Stlth   ..........              (no amulet)
HPRegen 0.12/turn               g - +4 ring of evasion
MPRegen 0.10/turn               n - +6 ring of strength

@: mighty
A: sickness immunity, AC +4, negative energy resistance 1, electricity
resistance, torment resistance 1, petrification resistance
a: no special abilities


You were on level 5 of the Dungeon.
You visited 1 branch of the dungeon, and saw 5 of its levels.

You collected 137 gold pieces.
You spent 10 gold pieces at shops.

Inventory:

Hand Weapons
 a - a +0 war axe (weapon)
 e - a +0 flail
Armour
 b - a +0 scale mail (worn)
 c - a +0 buckler (worn)
 i - a +1 cloak (worn)
Jewellery
 g - a +4 ring of evasion (left hand)
 n - a +6 ring of strength (right hand)
Wands
 h - a wand of charming (10)
Scrolls
 k - 2 scrolls of enchant armour
 l - a scroll of teleportation
 p - a scroll of fear
Potions
 d - a potion of might
 f - a potion of heal wounds {unknown}
 j - a potion of berserk rage {unknown}
 m - 2 potions of flight {unknown}
 o - a potion of brilliance {unknown}


   Skills:
 + Level 4.1 Fighting
 + Level 4.0 Axes
 + Level 4.3 Armour
 + Level 0.1 Stealth
 + Level 4.0 Shields
 * Level 1.6 Evocations


You had 5 spell levels left.
You didn't know any spells.
Your spell library contained the following spells:

 Spells                   Type           Power      Damage    Failure   Level
 Ensorcelled Hibernation  Hex/Ice        0%         N/A       80%         2
 Tukima's Dance           Hex            0%         N/A       95%         3


Dungeon Overview and Level Annotations

Branches:
Dungeon (5/15)
 Temple: D:4-7

Altars:
Kikubaaqudgha
Qazlal
Sif Muna

Shops:
D:3 *   D:4 :[=[!


Innate Abilities, Weirdness & Mutations

You are immune to sickness and miasma.
Your stone body is resilient. (AC +4)
You are immune to poison.
You resist negative energy. (rN+)
You are resistant to electric shocks. (rElec)
You are resistant to unholy torment.
You are immune to petrification.


Message History

You see here a hound corpse.
You see here a +0 mace.
Done exploring.
Done exploring.
Done exploring.
No target in view!
Done exploring.
There is a stone staircase leading down here.
You climb downwards.
You hear the hiss of flowing sand.
There is an entrance to an ossuary on this level.
Hurry and find it before the portal is buried!
You hear the sound of rushing water.
There is an entrance to a sewer on this level.
Hurry and find it before the portal rusts away!
The ogre shouts!
Found 12 gold pieces.
There is a stone staircase leading up here.
Found a hand axe.
You see here 12 gold pieces.
You now have 127 gold pieces (gained 12).
You feel very mighty all of a sudden.
You closely miss the ice beast. The ice beast closely misses you.
You slash the ice beast!
The ice beast is heavily wounded.
You hit the ogre. The ice beast misses you.
The ogre hits you with a +0 giant club!!
Ouch! That really hurt!
You slash the ice beast!
You kill the ice beast!
You slash the ogre! The ogre hits you with a +0 giant club!
* * * LOW HITPOINT WARNING * * *
Your Axes skill increases to level 4!
You have reached level 6!
Your experience leads to an increase in your attributes!
Your base attributes are Str 20, Int 9, Dex 9.
Increase (S)trength, (I)ntelligence, or (D)exterity?
You feel agile.
You slash the ogre!
The ogre is almost dead.
The ogre hits you with a +0 giant club!
You die...

......#
#.....####
#........#
#......... .
##......# .)
#.......#
...##.#<....#
#....O..##.#
##....@.#
##.....#
##....#
#.#...#
#..##..# #...
##.. .... #..
.#. .# .#


You could see an ogre.

Vanquished Creatures
  An ice beast (D:5)
  A hound (D:4)
  2 orc priests
  2 adders (D:2)
  An adder skeleton (D:4)
  2 worms
  3 dart slugs
  5 orcs
  6 ball pythons
  4 endoplasms
  3 giant cockroaches
  4 goblins
  9 hobgoblins
  2 jackals (D:3)
  4 quokkas
  A bat (D:2)
  2 frilled lizards
  12 kobolds
  6 rats
  A spectral goblin (D:3)
71 creatures vanquished.

Notes
Turn   | Place    | Note
-------+----------+-------------------------------------------
     0 | D:1      | bande the Gargoyle Fighter began the quest for the Orb.
     0 | D:1      | Reached XP level 1. HP: 14/14 MP: 1/1
   341 | D:1      | Reached XP level 2. HP: 19/19 MP: 2/2
   793 | D:1      | Reached XP level 3. HP: 20/24 MP: 3/3
  1442 | D:2      | Reached XP level 4. HP: 27/29 MP: 4/4
  1967 | D:2      | HP: 1/29 [orc priest (4)]
  2349 | D:3      | Found a faded altar of an unknown god.
  2366 | D:3      | Reached skill level 1 in Evocations
  2366 | D:3      | Reached XP level 5. HP: 26/33 MP: 5/5
  2627 | D:3      | Found Hyufofuh's Assorted Antiques.
  2870 | D:4      | Found Idungorph's Distillery.
  2873 | D:4      | Bought a potion of degeneration for 10 gold pieces
  2974 | D:4      | Found Vexyugirr's Book Shoppe.
  2989 | D:4      | Found Wackes's Armour Boutique.
  3045 | D:4      | Found Worhantesux's Jewellery Boutique.
  3069 | D:4      | Found a shimmering blue altar of Sif Muna.
  3121 | D:4      | Found Impiom's Armour Emporium.
  3312 | D:4      | Found an ancient bone altar of Kikubaaqudgha.
  3312 | D:4      | Found a stormy altar of Qazlal.
  3645 | D:5      | Entered Level 5 of the Dungeon
  3645 | D:5      | Noticed an ogre
  3645 | D:5      | Noticed an ice beast
  3654 | D:5      | Killed an ice beast
  3654 | D:5      | HP: 1/33 [ogre (14)]
  3655 | D:5      | Reached XP level 6. HP: 1/38 MP: 6/6
  3655 | D:5      | Slain by an ogre

Illustrated notes

Levels and vault maps discovered:
D:1:      lightli_arrival_statuegarden, layout_rooms
D:2:      layout_loops_cross
D:3:      layout_basic, dreamdust_ecumenical_altar_drowned_temple, serial_shops,
          nicolae_shop_trees, minivault_23
D:4:      layout_loops_ring, lemuel_crystal_altar,
          gammafunk_temple_overflow_statue, serial_shops,
          nicolae_shop_advertising_works [nicolae_subvault_shop_adworks],
          nicolae_take_the_stairs, shop, nicolae_shop_hallway_plus,
          nicolae_stop_n_shop_1, kennysheep_generic_room_16
D:5:      layout_rooms, mainiacjoe_overflow_six_doors_small,
          mainiacjoe_overflow_chevrons, nicolae_ossuary_entry_giza,
          gup_sewer_entry_spiral, uniq_grinder, uniq_eustachio

Skill      XL: |  1  2  3  4  5 |
---------------+----------------+-----
Axes           | 2 3 4 |  4.0
Armour         | 4 |  4.3
Evocations     | 1 |  1.6
Shields        | 4 |  4.0
Fighting       | 4 |  4.1
Stealth        | |  0.1

Action                   |  1- 3 |  4- 6 || total
-------------------------+-------+-------++-------
Melee: War axe           |   108 |   100 ||   208
  Use: Scroll            |     4 |     1 ||     5
       Potion            |       |     2 ||     2
Armor: Scale mail        |    48 |    49 ||    97
Dodge: Dodged            |    52 |    66 ||   118
Block: Buckler           |    20 |    28 ||    48

Table legend: (Time is in decaauts)
 A = Elapsed time spent in this place.
 B = Non-inter-level travel time spent in this place.
 C = Inter-level travel time spent in this place.
 D = Time resting spent in this place.
 E = Time spent auto-exploring this place.
 F = Levels seen in this place.
 G = Mean time per level.
                   A        B        C        D        E       F      G
               +--------+--------+--------+--------+--------+-----+--------+
         Total |   3741 |   3741 |      0 |    347 |   2680 |   5 |  748.2 |
       Dungeon |   3741 |   3741 |      0 |    347 |   2680 |   5 |  748.2 |
               +--------+--------+--------+--------+--------+-----+--------+

Top non-repeatable levels by time:
     D:2: 1401 daAuts
     D:1: 915 daAuts
     D:4: 781 daAuts
     D:3: 632 daAuts
     D:5: 10 daAuts
